 Dungeon Crawl Stone Soup version 0.17-a0-1475-g9f81d98 (webtiles) character file.

322510 Miyamura the Devastator (level 22, -7/176 HPs)
             Began as a Human Air Elementalist on July 1, 2015.
             Was the Champion of Vehumet.
             Mangled by a slime creature (15 damage)
             ... while paralysed
             ... on level 8 of the Lair of Beasts on July 2, 2015.
             The game lasted 06:24:25 (61306 turns).

Miyamura the Devastator (Human Air Elementalist)   Turns: 61306, Time: 06:24:25

Health: -7/176     AC: 12    Str: 10    XL:     22   Next: 51%
Magic:  49/49      EV:  2    Int: 20    God:    Vehumet [******]
Gold:   734        SH:  0    Dex: 21    Spells: 9 memorised, 6 levels left

rFire  + + .     SeeInvis +     s - +9 dagger (elec)
rCold  + . .     Clarity  .     o - +4 steam dragon armour
rNeg   + . .     SustAt   .     (no shield)
rPois  +         Gourm    .     U - +0 hat {SInv}
rElec  +         Spirit   .     A - +0 cloak of Sif Muna's Outrage {rC+ Dex+5}
rCorr  +         Warding  .     F - +0 pair of gloves
rMut   .         Rnd*Tele +     z - +0 pair of boots
MR     ++...                    T - amulet of resist corrosion
Stlth  +++.......               g - ring of Nuehargh {MR+ Dex+4}
                                O - ring of Deadul {rElec rF++ rN+ MP+9 Dex-2}

@: paralysed, starving, repel missiles, very resistant to hostile enchantments,
fairly stealthy
A: clumsy 1, deterioration 1, dopey 1, poison resistance, teleportitis 1,
MP-powered wands
a: Renounce Religion
}: 2/15 runes: barnacled, gossamer


You were on level 8 of the Lair of Beasts.
You worshipped Vehumet.
Vehumet was exalted by your worship.
You were starving.

You visited 8 branches of the dungeon, and saw 41 of its levels.
You visited the Abyss 1 time.
You also visited: Bailey and Ice Cave.

You collected 4539 gold pieces.
You spent 3805 gold pieces at shops.

Inventory:

Hand weapons
 s - a +9 dagger of electrocution (weapon)
 x - a +5 dagger of freezing
Armour
 o - a +4 steam dragon armour (worn)
 z - a +0 pair of boots (worn)
 A - the +0 cloak of Sif Muna's Outrage (worn) {rC+ Dex+5}
   (You found it on level 4 of the Vaults)

   It affects your dexterity (+5).
   It protects you from cold.
 F - a +0 pair of gloves (worn)
 U - a +0 hat of see invisible (worn)
Jewellery
 g - the ring of Nuehargh (right hand) {MR+ Dex+4}
   (You found it on level 8 of the Dungeon)

   [ring of protection from magic]

   It affects your dexterity (+4).
   It affects your resistance to hostile enchantments.
 p - an uncursed amulet of regeneration
 q - an uncursed ring of sustain attributes
 H - an uncursed amulet of warding
 O - the ring of Deadul (left hand) {rElec rF++ rN+ MP+9 Dex-2}
   (You found it on level 4 of the Shoals)

   [ring of magical power]

   It affects your dexterity (-2).
   It greatly protects you from fire.
   It insulates you from electricity.
   It protects you from negative energy.
   It affects your magic capacity (+9).
 P - an uncursed ring of flight
 T - an amulet of resist corrosion (around neck)
 V - an uncursed ring of protection from fire
Magical devices
 a - a wand of teleportation (4)
 h - a wand of fire (6)
 r - a wand of invisibility (0)
 y - a wand of digging (0)
 D - a wand of heal wounds (0)
Scrolls
 i - a scroll of identify
 u - 7 scrolls of amnesia
 w - 2 scrolls of blinking
 G - 7 scrolls of teleportation
 I - 3 scrolls of recharging
 K - 5 scrolls of summoning
 M - 6 scrolls of fog
 N - a scroll of magic mapping
 Q - 8 scrolls of remove curse
Potions
 e - 4 potions of flight
 f - a potion of magic
 j - 5 potions of agility
 k - 3 potions of invisibility
 l - 11 potions of curing
 m - 8 potions of might
 v - a potion of cure mutation
 B - a potion of resistance
 C - 3 potions of haste
 L - 2 potions of lignification
 S - 3 potions of brilliance
 W - 3 potions of cancellation
Miscellaneous
 d - an ornate deck of defence {the Shadow}
 E - a plain deck of escape {Warpwright, drawn: 3}
 R - a lamp of fire
 Y - an ornate deck of wonders {the Helix}
Comestibles
 c - 17 bread rations
 n - 4 meat rations
 t - a slice of pizza
 J - 11 fruits


   Skills:
 + Level 15.4 Fighting
 - Level 14.2 Short Blades
   Level 0.0 Maces & Flails
 + Level 15.3 Dodging
 - Level 2.0 Stealth
 + Level 14.0 Spellcasting
 * Level 16.6 Conjurations
 - Level 4.5 Fire Magic
 + Level 7.6 Ice Magic
 + Level 13.2 Air Magic
 - Level 6.8 Earth Magic


You had 6 spell levels left.
You knew the following spells:

 Your Spells              Type           Power        Failure   Level  Hunger
a - Lightning Bolt        Conj/Air       ######....   1%          5    ###....
b - Bolt of Draining      Conj/Necr      #####.....   1%          5    ###....
c - Confuse               Hex            ##......     14%         3    None
e - Bolt of Fire          Conj/Fire      ######....   3%          6    #####..
f - Freezing Cloud        Conj/Ice/Air   ######....   1%          6    #####..
i - Iron Shot             Conj/Erth      ######....   2%          6    #####..
l - Chain Lightning       Conj/Air       ######....   32%         8    #######
r - Repel Missiles        Chrm/Air       #####.       1%          2    None
s - Swiftness             Chrm/Air       #####...     1%          2    None


Dungeon Overview and Level Annotations

Branches:
Dungeon (15/15)            Temple (1/1) D:6            Lair (8/8) D:10
 Shoals (4/4) Lair:3       Spider (4/4) Lair:6        Slime (1/6) Lair:8
    Orc (4/4) D:10            Elf (0/3) Orc:3        Vaults (4/5) D:13
  Crypt (0/3) Vaults:2     Depths (0/5) D:15

Altars:
Ashenzari
Cheibriados
Dithmenos
Elyvilon
Fedhas
Gozag
Kikubaaqudgha
Makhleb
Nemelex Xobeh
Okawaru
Qazlal
Ru
Sif Muna
Trog
Vehumet
Xom
Yredelemnul
Zin
The Shining One
Beogh
Jiyva

Shops:
D:4 ?   D:6 *=   D:7 *   D:8 :%}!   D:9 }   D:10 [   D:11 (   D:14 }   D:15 }
Orc:2 !*?%=   Orc:3 (=   Orc:4 !?[:*   Shoals:1 (   Shoals:2 [   Shoals:4 *
Vaults:1 *   Vaults:2 *[**   Vaults:4 ==(

Annotations:
D:3 rogue's ghost, average DsAK


Innate Abilities, Weirdness & Mutations

You are clumsy. (Dex -2)
Your body sometimes deteriorates upon taking damage.
You are dopey. (Int -2)
Your system is resistant to poisons.
You are occasionally teleported to nearby monsters.
You expend magic power (3 MP) to strengthen your wands.


Message History

* * * LOW HITPOINT WARNING * * *
You hit the slime creature.
The slime creature is almost dead.
The slime creature hits you but does no damage.
You hit the slime creature.
The slime creature is almost dead.
The slime creature hits you but does no damage.
You hit the slime creature but do no damage.
The slime creature is almost dead.
The slime creature completely misses you.
You puncture the slime creature!
The slime creature is almost dead.
The slime creature closely misses you.
You lose consciousness!
The slime creature hits you!
* * * LOW HITPOINT WARNING * * *
The slime creature hits you.
* * * LOW HITPOINT WARNING * * *
The slime creature hits you!
You die...

..###.#..#..##...P.## #.##..#PP..
..P###....P..##...#.####...####..
..##.#.P...<.........PP...## #..
....#......................## ###
.................P....P.....# #
.#...#.......P...P..P..P...##
###.#...#..........PPP..P...#
..##.#.............PPP......#
.##.........<...@_..P.......#
.###............JJ...P......#
.####........[.............##
...#.............P.........##
..###.............###.P.P...#
P..#P.........<...# ###...#######
..................# #....###.##.
..........###.....## ##........P.
.....PP...##P.P....# ##.........


You could see 2 slime creatures.

Vanquished Creatures
  Boris (Vaults:2)
  Jorgrun (Vaults:4)
  2 krakens
  A tengu reaver (Vaults:4)
  The ghost of Chiseanne the Fighter, a mighty DsWn of Gozag (Spider:1)
  Ilsuiw (Shoals:4)
  A fire giant (Vaults:1)
  2 deep elf sorcerers
  2 frost giants (Vaults:4)
  5 ghost moths
  6 vault wardens
  5 emperor scorpions
  7 stone giants
  A very ugly thing (Vaults:4)
  A war gargoyle (Vaults:3)
  13 ironheart preservers
  Nessos (Orc:4)
  A salamander stormcaller (Vaults:3)
  A deep elf demonologist (Vaults:2)
  Azrael (D:15)
  5 dire elephants (Lair:8)
  2 deep elf annihilators (Vaults:3)
  10 merfolk javelineers
  Snorg (D:12)
  2 crystal guardians
  4 merfolk impalers
  3 ettins (Vaults:4)
  A deep elf death mage (Vaults:3)
  Erolcha (D:8)
  12 yaktaur captains
  A rakshasa (D:15)
  A fire dragon (Vaults:3)
  13 vault guards
  7 hydras
  4 entropy weavers
  4 great orbs of eyes
  A hydra (shapeshifter) (Vaults:1)
  6 centaur warriors
  An anaconda (Lair:8)
  An alligator snapping turtle (Shoals:4)
  Erica (Lair:1)
  A ghost crab (shapeshifter) (Vaults:3)
  An anaconda (shapeshifter) (Vaults:3)
  3 merfolk avatars
  A queen ant (Lair:5)
  2 merfolk aquamancers
  A catoblepas (Lair:8)
  12 death yaks
  10 ogre magi
  2 tengu warriors (D:15)
  5 orc high priests
  The ghost of patman the Basher, an experienced OpSk of Fedhas (D:11)
  Urug (Lair:3)
  A fire crab (Vaults:4)
  7 skeletal warriors (Vaults:2)
  7 deep trolls
  2 unseen horrors
  7 deep elf knights
  A deep elf summoner (Vaults:3)
  An obsidian statue (D:11)
  12 sea snakes
  Pikel (D:7)
  3 hill giants
  22 wolf spiders
  A deep elf conjurer (Vaults:3)
  13 manticores
  21 griffons
  A wizard (Vaults:2)
  6 orc sorcerers
  17 orb spiders
  An orb spider (shapeshifter) (D:12)
  A stone giant zombie (Vaults:4)
  21 harpies
  16 ironbrand convokers
  14 ugly things
  6 water nymphs
  An oklob plant (D:14)
  27 orc knights
  15 fauns
  A shining eye (Slime:1)
  A frost giant zombie (Vaults:4)
  3 necromancers
  11 cyclopes
  8 hornets
  A cyclops (shapeshifter) (Vaults:4)
  A fire giant skeleton (Vaults:2)
  3 moths of wrath
  4 elephants (Lair:8)
  15 sirens
  Joseph (D:10)
  6 black mambas
  15 vault sentinels
  Psyche (D:10)
  A torpor snail (shapeshifter) (Vaults:1)
  6 komodo dragons
  A spiny frog (shapeshifter) (Vaults:2)
  2 efreet
  A centaur skeleton (D:14)
  29 yaktaurs
  10 spiny frogs
  2 yaktaur skeletons (Vaults:2)
  8 demonic crawlers
  2 deep elf priests (Vaults:2)
  A wolf spider simulacrum (Vaults:2)
  2 fire drakes
  A queen bee (shapeshifter) (Vaults:4)
  32 merfolk
  28 jumping spiders
  3 wind drakes
  20 two-headed ogres
  25 blink frogs
  4 freezing wraiths
  9 trolls
  A raiju (shapeshifter) (Vaults:2)
  5 boulder beetles
  14 slime creatures
  A hornet zombie (D:15)
  10 snapping turtles
  A tarantella (shapeshifter) (D:14)
  A shadow (D:14)
  20 trapdoor spiders
  3 wyverns
  8 deep elf magi
  2 fire elementals (D:15)
  A trapdoor spider (shapeshifter) (Vaults:4)
  10 water elementals
  A spriggan (D:11)
  11 deep elf fighters
  39 redbacks
  A hippogriff (shapeshifter) (D:12)
  2 basilisks
  A neqoxec (Abyss:1)
  2 steam dragons
  31 tarantellas
  A fire bat (Abyss:1)
  65 yaks
  2 hungry ghosts
  Grum (D:8)
  13 vampire mosquitoes
  2 golden eyes (Slime:1)
  6 wargs
  12 hippogriffs
  A mottled dragon (D:11)
  10 wolves
  4 insubstantial wisps (Abyss:1)
  A human simulacrum (Vaults:1)
  18 ice beasts
  An ogre zombie (Vaults:1)
  35 orc warriors
  A deep troll skeleton (Vaults:2)
  6 soldier ants
  2 hell hounds (D:15)
  2 necrophages
  12 porcupines
  A swamp drake (D:10)
  15 water moccasins
  13 spiders
  2 phantoms
  A tengu (shapeshifter) (Vaults:1)
  43 ogres
  An orc zombie (Vaults:1)
  3 sky beasts
  3 wasps
  A slave (D:7)
  6 human skeletons (Vaults:2)
  2 black bears
  15 centaurs
  10 crocodiles
  2 boggarts (shapeshifter)
  4 big kobolds
  A human zombie (Vaults:4)
  A gnoll sergeant (D:10)
  22 giant frogs
  2 wyvern skeletons
  A wyvern zombie (D:8)
  3 scorpions
  A scorpion (shapeshifter) (Vaults:3)
  A boulder beetle zombie (Vaults:1)
  4 wights (D:7)
  22 killer bees
  3 electric eels
  An elf skeleton (Vaults:2)
  5 centaur zombies
  2 giant frog zombies
  11 crimson imps
  2 small abominations (Abyss:1)
  2 quasits
  8 hounds
  24 orc priests
  16 jellies
  7 iguanas
  Jessica (D:2)
  46 orc wizards
  33 worker ants
  A killer bee zombie (D:7)
  23 sheep
  A hound zombie (D:8)
  2 hound skeletons
  11 adders
  16 gnolls
  63 river rats
  4 shadow imps
  2 white imps (Vaults:3)
  11 oozes
  An adder skeleton (D:8)
  An adder zombie (D:5)
  5 worms
  A worm (shapeshifter) (Vaults:3)
  11 giant geckos
  202 orcs
  14 bats
  3 bat skeletons
  12 giant cockroaches
  18 hobgoblins
  4 jackals (D:7)
  2 quokkas
  3 ball pythons
  2 giant gecko skeletons
  A giant newt (D:2)
  16 goblins
  39 kobolds
  A quokka skeleton (D:4)
  24 rats
  A spectral orc (D:6)
  A bush (D:14)
  3 butterflies (Lair:5)
  2 fungi
  42 plants
  4 tentacles
1906 creatures vanquished.

Vanquished Creatures (collateral kills)
  Gastronok (Lair:2)
  A giant frog (D:8)
2 creatures vanquished.

Vanquished Creatures (others)
  A fire giant (Vaults:4)
  A merfolk aquamancer (Shoals:4)
  2 slaves (D:7)
  An ogre (Vaults:4)
  A hound (D:7)
  A quokka (D:3)
  A bush (Lair:8)
  85 fungi
  51 plants
  13 tentacles
  481 tentacle segments
638 creatures vanquished.

Grand Total: 2546 creatures vanquished

Notes
Turn   | Place    | Note
--------------------------------------------------------------
     0 | D:1      | Miyamura the Human Air Elementalist began the quest for the Orb.
     0 | D:1      | Reached XP level 1. HP: 13/13 MP: 3/3
   542 | D:1      | Reached XP level 2. HP: 19/19 MP: 0/5
   712 | D:1      | Reached skill level 1 in Short Blades
  1040 | D:1      | Reached XP level 3. HP: 25/25 MP: 4/6
  1045 | D:1      | Learned a level 3 spell: Static Discharge
  1877 | D:2      | Reached skill level 1 in Fighting
  1899 | D:2      | Noticed Jessica
  1903 | D:2      | Killed Jessica
  1903 | D:2      | Reached XP level 4. HP: 19/32 MP: 0/7
  2231 | D:2      | Learned a level 2 spell: Swiftness
  2550 | D:2      | Reached XP level 5. HP: 37/37 MP: 6/8
  3110 | D:3      | Noticed rogue's ghost (average DsAK)
  3229 | D:3      | Found a deep blue altar of Sif Muna.
  3755 | D:3      | Found a white marble altar of Elyvilon.
  4727 | D:3      | Reached XP level 6. HP: 40/44 MP: 10/10
  4817 | D:4      | Found Witer's Magic Scroll Shop.
  4967 | D:4      | Reached skill level 4 in Air Magic
  5165 | D:4      | Found a glowing golden altar of the Shining One.
  5866 | D:4      | Reached XP level 7. HP: 44/51 MP: 11/11
  6030 | D:5      | Entered Level 5 of the Dungeon
  6333 | D:5      | Reached XP level 8. HP: 49/58 MP: 10/13
  6585 | D:5      | Learned a level 5 spell: Lightning Bolt
  6970 | D:6      | Found Tice's Jewellery Shoppe.
  7050 | D:6      | Reached skill level 5 in Air Magic
  7145 | D:6      | Found a sparkling altar of Nemelex Xobeh.
  7334 | D:6      | Found a staircase to the Ecumenical Temple.
  7339 | Temple   | Entered the Ecumenical Temple
  7343 | Temple   | Became a worshipper of Vehumet
  7461 | D:6      | Found Zewk's General Store.
  7654 | D:6      | Found a basalt altar of Yredelemnul.
  7680 | D:7      | Found Ysmiemei's Assorted Antiques.
  7691 | D:7      | Bought a scroll labeled PIOM QUS BYNUE for 22 gold pieces
  7691 | D:7      | Bought a scroll labeled PIOM QUS BYNUE for 22 gold pieces
  7691 | D:7      | Bought a scroll of identify for 44 gold pieces
  8055 | D:7      | Reached XP level 9. HP: 64/66 MP: 15/15
  8070 | D:7      | Gained mutation: You are partially covered in icy blue scales (AC +1). [potion of mutation]
  8070 | D:7      | Gained mutation: You passively map a small area around you. [potion of mutation]
  8070 | D:7      | Lost mutation: You passively map a small area around you. [potion of mutation]
  8260 | D:7      | Reached skill level 5 in Dodging
  8320 | D:7      | Noticed Pikel
  8332 | D:7      | Killed Pikel
  8332 | D:7      | Reached skill level 5 in Fighting
  8332 | D:7      | Reached skill level 6 in Air Magic
  8690 | D:7      | Reached skill level 5 in Short Blades
  8690 | D:7      | Reached skill level 5 in Spellcasting
  8796 | D:7      | Found an ancient bone altar of Kikubaaqudgha.
  9049 | D:7      | Acquired Vehumet's first power
  9049 | D:7      | Offered knowledge of Freeze by Vehumet.
  9052 | D:7      | Learned a level 1 spell: Freeze
  9382 | D:7      | Reached XP level 10. HP: 65/74 MP: 17/17
  9411 | D:8      | Noticed Erolcha
  9454 | D:8      | Got a clouded golden ring
  9478 | D:7      | Identified the ring of Nuehargh {MR+ Dex+4} (You found it on level 8 of the Dungeon)
  9539 | D:8      | Found Tieril's Gadget Boutique.
  9663 | D:8      | Found Ciaghy's Distillery.
  9819 | D:8      | Bought a potion of resistance for 110 gold pieces
  9819 | D:8      | Bought a potion of haste for 110 gold pieces
  9828 | D:8      | Bought a plain deck of escape for 182 gold pieces
  9836 | D:8      | Paralysed by Erolcha for 6 turns
  9852 | D:8      | Killed Erolcha
  9852 | D:8      | Reached skill level 7 in Air Magic
  9907 | D:8      | Offered knowledge of Throw Frost by Vehumet.
 10106 | D:8      | Found a blossoming altar of Fedhas.
 10106 | D:8      | Found a stormy altar of Qazlal.
 10108 | D:8      | Noticed Grum
 10116 | D:8      | Reached skill level 5 in Conjurations
 10139 | D:8      | Killed Grum
 10189 | D:8      | Gained mutation: You have a pair of small antennae on your head. [potion of mutation]
 10189 | D:8      | Gained mutation: You expend magic power (3 MP) to strengthen your wands. [potion of mutation]
 10190 | D:8      | Lost mutation: You expend magic power (3 MP) to strengthen your wands. [potion of cure mutation]
 10190 | D:8      | Lost mutation: You have a pair of small antennae on your head. [potion of cure mutation]
 10190 | D:8      | Lost mutation: You are partially covered in icy blue scales (AC +1). [potion of cure mutation]
 10196 | D:8      | Gained mutation: You are partially covered in thin metallic scales (AC +2). [potion of beneficial mutation]
 10256 | D:8      | Found Luozi's Food Shoppe.
 10389 | D:8      | Found Besuid's Book Emporium.
 10686 | D:9      | Found Dyuzuck's Gadget Emporium.
 10851 | D:9      | Reached XP level 11. HP: 42/83 MP: 17/20
 10960 | D:9      | Offered knowledge of Stone Arrow by Vehumet.
 10982 | D:9      | Learned a level 3 spell: Stone Arrow
 11634 | D:10     | Entered Level 10 of the Dungeon
 11642 | D:10     | Acquired Vehumet's second power
 11665 | D:10     | Found a staircase to the Orcish Mines.
 11903 | D:10     | Offered knowledge of Airstrike by Vehumet.
 11912 | D:10     | Learned a level 4 spell: Airstrike
 11974 | D:10     | Found Hejen's Armour Shop.
 12010 | D:10     | Found a flagged portal.
 12020 | Bailey   | Entered a bailey
 12189 | Bailey   | Reached skill level 8 in Air Magic
 12220 | Bailey   | Acquired Vehumet's third power
 12344 | Bailey   | Gained mutation: You have sharp toenails. [potion of beneficial mutation]
 12351 | Bailey   | Noticed an orc knight
 12371 | Bailey   | Noticed an orc knight
 12543 | Bailey   | Killed an orc knight
 12583 | Bailey   | Killed an orc knight
 12943 | D:10     | Offered knowledge of Iskenderun's Mystic Blast by Vehumet.
 12947 | D:10     | Learned a level 2 spell: Repel Missiles
 12978 | D:10     | Noticed Psyche
 12982 | D:10     | Killed Psyche
 13228 | D:10     | Found a staircase to the Lair.
 13348 | D:10     | Noticed Joseph
 13370 | D:10     | Killed Joseph
 13554 | D:10     | Reached XP level 12. HP: 76/91 MP: 22/22
 14133 | Lair:1   | Entered Level 1 of the Lair of Beasts
 14531 | Lair:1   | Noticed Erica
 14717 | Lair:1   | Killed Erica
 15499 | Lair:2   | Found a frozen archway.
 15615 | IceCv    | Entered an ice cave
 15683 | IceCv    | Got a faintly humming scale mail
 15694 | IceCv    | Identified the +5 scale mail "Wokeodom" {rC+ MR- Dex+2 SInv} (You found it in an ice cave)
 15702 | IceCv    | Got a fine falchion
 15716 | Lair:2   | Identified the +1 falchion of Unreason {flame, Str+2 Stlth+} (You found it in an ice cave)
 15993 | Lair:2   | Reached skill level 9 in Air Magic
 16032 | Lair:2   | Offered knowledge of Iron Shot by Vehumet.
 16120 | Lair:2   | Learned a level 6 spell: Iron Shot
 16364 | Lair:2   | Noticed a six-headed hydra
 16372 | Lair:2   | Killed a six-headed hydra
 16561 | Lair:2   | Reached XP level 13. HP: 48/99 MP: 23/25
 16657 | Lair:2   | Noticed a four-headed hydra
 16666 | Lair:2   | Killed a four-headed hydra
 16942 | Lair:2   | Noticed Gastronok
 17051 | Lair:2   | Killed Gastronok
 17051 | Lair:2   | Reached skill level 1 in Earth Magic
 17295 | D:10     | Bought a +0 pair of boots for 63 gold pieces
 17759 | Lair:3   | Noticed Urug
 17794 | Lair:3   | Killed Urug
 17972 | Lair:3   | Upgraded the game from 0.17-a0-1468-gbf503c2 to 0.17-a0-1475-g9f81d98
 18263 | Lair:3   | Found a staircase to the Shoals.
 20005 | Lair:5   | Found a shimmering altar of Xom.
 20380 | Lair:5   | Reached skill level 10 in Dodging
 20714 | Lair:5   | Offered knowledge of Bolt of Draining by Vehumet.
 20721 | Lair:5   | Learned a level 5 spell: Bolt of Draining
 21207 | Lair:5   | Reached XP level 14. HP: 80/108 MP: 8/26
 21536 | Lair:6   | Found a hole to the Spider Nest.
 22995 | Lair:7   | Offered knowledge of Freezing Cloud by Vehumet.
 23005 | Lair:7   | Learned a level 6 spell: Freezing Cloud
 23206 | Lair:6   | Reached skill level 5 in Earth Magic
 23410 | Lair:7   | Reached skill level 10 in Fighting
 23881 | Lair:8   | Entered Level 8 of the Lair of Beasts
 23881 | Lair:8   | Found a viscous altar of Jiyva.
 23881 | Lair:8   | Found a staircase to the Slime Pits.
 23981 | Lair:8   | Reached skill level 10 in Short Blades
 24793 | Lair:8   | Reached skill level 11 in Dodging
 24815 | Lair:8   | Reached skill level 10 in Conjurations
 24917 | Lair:8   | Reached XP level 15. HP: 117/117 MP: 28/28
 25996 | Lair:7   | Gained mutation: You are weak. (Str -2) [mutagenic glow]
 25997 | Lair:7   | Lost mutation: You have sharp toenails. [potion of cure mutation]
 25997 | Lair:7   | Lost mutation: You are weak. (Str -2) [potion of cure mutation]
 25997 | Lair:7   | Lost mutation: You are partially covered in thin metallic scales (AC +2). [potion of cure mutation]
 26190 | Lair:8   | Offered knowledge of Conjure Ball Lightning by Vehumet.
 26190 | Lair:8   | Reached skill level 10 in Spellcasting
 27262 | Orc:1    | Entered Level 1 of the Orcish Mines
 27519 | Orc:2    | Found Kiciqaef's Food Shoppe.
 27519 | Orc:2    | Found Ostacsydgh's Jewellery Emporium.
 27637 | Orc:2    | Bought a cursed amulet of inaccuracy for 28 gold pieces
 27980 | Orc:2    | Found Qinoestu's Distillery.
 28025 | Orc:2    | Bought a potion of heal wounds for 65 gold pieces
 28089 | Orc:2    | Found Cavvum's Assorted Antiques.
 28141 | Orc:2    | Bought a bone wand for 104 gold pieces
 28141 | Orc:2    | Bought a scroll of identify for 52 gold pieces
 28141 | Orc:2    | Bought a twisted brass wand for 104 gold pieces
 28384 | Orc:2    | Found Mistoank's Magic Scroll Shoppe.
 28471 | Orc:1    | Reached skill level 1 in Ice Magic
 28801 | Orc:3    | Offered knowledge of Poisonous Cloud by Vehumet.
 29333 | Orc:3    | Found Amyugrec's Antique Weapon Emporium.
 29333 | Orc:3    | Found Juusyow's Jewellery Boutique.
 29456 | Orc:3    | Found a staircase to the Elven Halls.
 29539 | Orc:3    | Bought a cursed ring of loudness for 63 gold pieces
 29945 | Orc:4    | Entered Level 4 of the Orcish Mines
 29945 | Orc:4    | Found a roughly hewn altar of Beogh.
 29994 | Orc:4    | Noticed Nessos
 30024 | Orc:4    | Killed Nessos
 30212 | Orc:4    | Found Viap's Assorted Antiques.
 30250 | Orc:4    | Bought a crude granite ring for 170 gold pieces
 30250 | Orc:4    | Identified the ring of Etzatiff {rElec rN+ MP+9 Int-2 Stlth+} (You bought it in a shop on level 4 of the Orcish Mines)
 30601 | Orc:4    | Found Evaosois's Book Shoppe.
 30607 | Orc:4    | Offered knowledge of Bolt of Cold by Vehumet.
 30723 | Orc:4    | Found Vuon's Distillery.
 30830 | Orc:4    | Reached skill level 10 in Air Magic
 30830 | Orc:4    | Reached XP level 16. HP: 117/126 MP: 30/30
 30944 | Orc:4    | Found Loschez's Armour Shop.
 30944 | Orc:4    | Found Plog's Magic Scroll Shop.
 31029 | Orc:4    | Bought a scroll of acquirement for 832 gold pieces
 31430 | Orc:2    | Bought a scroll of amnesia for 38 gold pieces
 31430 | Orc:2    | Bought a scroll of identify for 22 gold pieces
 31430 | Orc:2    | Bought a scroll of identify for 22 gold pieces
 31430 | Orc:2    | Bought a scroll of identify for 22 gold pieces
 31430 | Orc:2    | Bought a scroll of enchant armour for 82 gold pieces
 31430 | Orc:2    | Bought a scroll of identify for 22 gold pieces
 31569 | Orc:4    | Bought a scroll of enchant armour for 120 gold pieces
 32002 | D:4      | Bought a scroll of holy word for 82 gold pieces
 32002 | D:4      | Bought 2 scrolls of amnesia for 77 gold pieces
 32002 | D:4      | Bought a scroll of enchant armour for 82 gold pieces
 32002 | D:4      | Bought a scroll of amnesia for 38 gold pieces
 32002 | D:4      | Bought a scroll of blinking for 82 gold pieces
 32002 | D:4      | Bought a scroll of magic mapping for 38 gold pieces
 32339 | D:11     | Noticed patman's ghost (experienced OpSk)
 32343 | D:11     | Killed patman's ghost
 32350 | D:11     | Reached skill level 12 in Dodging
 32640 | D:11     | Found Xorech's Weapon Emporium.
 32771 | D:11     | Got a heavily runed scale mail
 32772 | D:11     | Identified the +5 scale mail "Pyemeufa" {+Inv rF- Int+2 Slay+5} (You found it on level 11 of the Dungeon)
 32920 | D:11     | Offered knowledge of Bolt of Fire by Vehumet.
 32928 | D:11     | Learned a level 6 spell: Bolt of Fire
 33547 | D:12     | Noticed Snorg
 33565 | D:12     | Killed Snorg
 33950 | D:12     | Gained mutation: Your system is resistant to poisons. [mutagenic meat]
 34925 | D:13     | Found a gate to the Vaults.
 35485 | D:14     | Found Fegiah's Gadget Shop.
 35820 | D:14     | Found a blossoming altar of Fedhas.
 36387 | D:15     | Entered Level 15 of the Dungeon
 36387 | D:15     | Found Colosimp's Quality Used Wands.
 36396 | D:15     | Bought a wand of teleportation (0) for 168 gold pieces
 36498 | D:15     | Bought a wand of digging (0) for 112 gold pieces
 36700 | D:15     | Found an opulent altar of Gozag.
 36706 | D:15     | Reached skill level 5 in Ice Magic
 36791 | D:15     | Noticed Azrael
 36802 | D:15     | Killed Azrael
 36968 | D:15     | Found a staircase to the Depths.
 37799 | Spider:1 | Entered Level 1 of the Spider Nest
 38223 | Spider:1 | Reached XP level 17. HP: 133/133 MP: 31/32
 38351 | Spider:1 | Offered knowledge of Glaciate by Vehumet.
 38351 | Spider:1 | Offered knowledge of Shatter by Vehumet.
 38351 | Spider:1 | Offered knowledge of Tornado by Vehumet.
 38427 | Spider:1 | Noticed Chiseanne's ghost (mighty DsWn)
 38440 | Spider:1 | Killed Chiseanne's ghost
 38584 | Spider:1 | You fall through a shaft!
 40405 | Spider:3 | Reached skill level 13 in Dodging
 40700 | Spider:4 | Entered Level 4 of the Spider Nest
 41498 | Spider:4 | Learned a level 3 spell: Confuse
 41934 | Spider:4 | Reached XP level 18. HP: 134/142 MP: 0/33
 43078 | Spider:4 | Got a gossamer rune of Zot
 43564 | Shoals:1 | Entered Level 1 of the Shoals
 43582 | Shoals:1 | Cast into the Abyss (merfolk)
 43664 | Abyss:1  | Found a corrupted altar of Lugonu.
 43714 | Abyss:1  | Found a corrupted altar of Lugonu.
 43863 | Abyss:1  | Found a corrupted altar of Lugonu.
 43966 | Shoals:1 | Escaped the Abyss
 44252 | Shoals:1 | Reached skill level 1 in Fire Magic
 44990 | Shoals:1 | Found Wiphoeqi's Weapon Shoppe.
 45657 | Shoals:2 | Found Nuol's Antique Armour Boutique.
 46109 | Shoals:2 | Reached XP level 19. HP: 145/150 MP: 35/35
 47820 | Shoals:3 | Learned a level 2 spell: Stoneskin
 47825 | Shoals:4 | Entered Level 4 of the Shoals
 47961 | Shoals:4 | Got a warped broad axe
 47963 | Shoals:4 | Identified the cursed +0 broad axe of the Elven Halls {freeze, Str+6} (You found it on level 4 of the Shoals)
 48288 | Shoals:4 | Got a scorched quarterstaff
 48290 | Shoals:4 | Identified the +3 quarterstaff of Charity {crush, rPois} (You took it off a merfolk on level 4 of the Shoals)
 48655 | Shoals:4 | Noticed Ilsuiw
 48668 | Shoals:4 | Killed Ilsuiw
 48672 | Shoals:4 | Reached skill level 14 in Dodging
 49012 | Shoals:4 | Got a barnacled rune of Zot
 49035 | Shoals:4 | Found Doedah's Assorted Antiques.
 49047 | Shoals:4 | Bought a smoking helmet for 218 gold pieces
 49047 | Shoals:4 | Identified the cursed -4 helmet of the Crypt {rPois Slay+2 Stlth+} (You bought it in a shop on level 4 of the Shoals)
 49371 | Shoals:4 | Identified the Compendium of Hurtful Fire (You found it on level 4 of the Shoals)
 49648 | Shoals:4 | Got a crude silver ring
 49651 | Shoals:4 | Identified the ring of Deadul {rElec rF++ rN+ MP+9 Dex-2} (You found it on level 4 of the Shoals)
 50234 | Lair:1   | Learned a level 8 spell: Chain Lightning
 50716 | D:11     | Got an iridescent flail
 50717 | D:11     | Identified the cursed +1 flail of the New World {crush, *Confuse Int+3} (You found it on level 11 of the Dungeon)
 50956 | Shoals:2 | Bought a bloodstained robe for 199 gold pieces
 50956 | Shoals:2 | Bought a translucent leather armour for 245 gold pieces
 50967 | Shoals:2 | Identified the +2 robe of Claustrophobia {*Corrode Regen+ Int+4} (You bought it in a shop on level 2 of the Shoals)
 50987 | Shoals:2 | Identified the +3 leather armour of True Grit {Int+2} (You bought it in a shop on level 2 of the Shoals)
 51346 | D:7      | Bought a scroll of enchant weapon for 165 gold pieces
 51721 | Vaults:1 | Entered Level 1 of the Vaults
 52490 | Vaults:1 | Reached XP level 20. HP: 152/159 MP: 37/37
 52559 | Vaults:1 | Found Gapelohu's General Store.
 54053 | Vaults:2 | Noticed Boris
 54063 | Vaults:2 | Killed Boris
 54134 | Vaults:2 | Reached skill level 15 in Conjurations
 54177 | Vaults:2 | Found Asig Ycasho's Assorted Antiques.
 54217 | Vaults:2 | Found Siemif's Antique Armour Shop.
 54833 | Vaults:2 | Found Kunnibej's Assorted Antiques.
 54944 | Vaults:2 | Found Cocysch's General Store.
 55277 | Vaults:2 | Reached XP level 21. HP: 103/166 MP: 30/38
 55419 | Vaults:2 | Found a staircase to the Crypt.
 56924 | Vaults:3 | Reached skill level 15 in Fighting
 56925 | Vaults:3 | Gained mutation: You are dopey. (Int -2) [mutagenic glow]
 57903 | Vaults:4 | Found Fellowk's Jewellery Shop.
 57956 | Vaults:4 | Reached skill level 15 in Dodging
 58216 | Vaults:4 | Reached skill level 16 in Conjurations
 58775 | Vaults:4 | Got an ichor-stained cloak
 58776 | Vaults:4 | Identified the cursed +0 cloak of Sif Muna's Outrage {rC+ Dex+5} (You found it on level 4 of the Vaults)
 58827 | Vaults:4 | Reached XP level 22. HP: 145/175 MP: 31/39
 59663 | Vaults:4 | Found Foch's Jewellery Shop.
 59701 | Vaults:4 | Found Uvuwnous's Weapon Boutique.
 59866 | Vaults:4 | Noticed Jorgrun
 59897 | Vaults:4 | Killed Jorgrun
 61229 | Slime:1  | Entered Level 1 of the Pits of Slime
 61243 | Slime:1  | Gained mutation: You are occasionally teleported to nearby monsters. [a shining eye]
 61244 | Slime:1  | Gained mutation: You expend magic power (3 MP) to strengthen your wands. [a shining eye]
 61277 | Slime:1  | Gained mutation: You are clumsy. (Dex -2) [a shining eye]
 61279 | Slime:1  | Gained mutation: Your body sometimes deteriorates upon taking damage. [a shining eye]
 61305 | Lair:8   | HP: 8/176 [slime creature (2)]
 61306 | Lair:8   | Mangled by a slime creature

Vault maps used:
D:1:      sevenhm_arrival_forest_fort_large_2
D:2:      minmay_misc_feat_plants, uniq_jessica
D:3:      elyvilon_altar_4, first_bread, lemuel_statue_altar
D:4:      tso_altar, serial_shops, shop
D:5:      grunt_ministairs_15
D:6:      nemelex_xobeh_ov_fountains_minmay,
          yredelemnul_forgotten_temple_becter, temple_doors_e, serial_shops,
          shop_coins, nicolae_shop_statue_plus
D:7:      nicolae_overflow_crystal_walls, serial_shops, shop,
          uniq_prince_ribbit1, uniq_pikel
D:8:      grunt_temple_overflow_forces_of_nature, serial_shops,
          kennysheep_little_box, nicolae_shop_waterfront, nicolae_shop_crystal,
          kennysheep_mini, uniq_erolcha, uniq_grum
D:9:      serial_shops, shop
D:10:     lair_0_dummy, erik_orc_1, enter_bailey_2, serial_shops,
          nicolae_shop_crystal, uniq_psyche, uniq_joseph
D:11:     serial_shops, shop, hangedman_stone_soup, minmay_protected_statue
D:12:     uniq_snorg
D:13:     david_vaults_1
D:14:     minivault_25, serial_shops, shop, tgw_fedhas
D:15:     grunt_enter_depths_snipers, nicolae_gozag_seed_capital,
          nicolae_for_you_no_charge, uniq_azrael
Temple:   minmay_freezing_vapour_temple_12
Lair:1:   uniq_erica
Lair:2:   portal_ice_cave_entry_ice_beasts, grunt_megastairs_3,
          infiniplex_staircase_pool_2, lemuel_fruit_fields, uniq_gastronok
Lair:3:   minmay_shoals_entry_centaurs, uniq_urug
Lair:5:   lemuel_slime, basic_altar, minivault_23, minivault_11,
          minmay_another_anthill, lemuel_fruit_fields, lemuel_fruit_fields
Lair:6:   spider_nest_entry_rubble, infiniplex_staircase_pool
Lair:8:   due_jungle_book, slime_altar_1
Shoals:1: serial_shops, shop
Shoals:2: serial_shops, nicolae_shop_overgrown_old_shop,
          nicolae_shoals_hunting_party
Shoals:4: serial_shops, shop, shoals_end_hangedman, shoal_ilsuiw
Spider:4: grunt_spider_rune_parallel, spider_trap, spiders_nest_ghost_moth_duel
Orc:2:    serial_shops, shop, shop, nicolae_shop_waterfront, shop, shop,
          mines2_lemuel
Orc:3:    nicolae_orc_pool_cavern, guppyfry_orc_lava_fort
Orc:4:    st_orc_elflike, serial_shops, nicolae_shop_statue_plus, basic_altar,
          uniq_nessos
Vaults:1: v_misc_29, ontoclasm_vaults_gallery, hangedman_vaults_variations,
          v_misc_17, v_misc_33, vaults_mumra_minichess_inversion,
          nicolae_vaults_disjoint_gnomons, v_misc_29,
          nicolae_vaults_little_squares_1, vaults_room_door_ring, serial_shops,
          shop
Vaults:2: nicolae_vaults_ring_of_whatevers, minmay_crypt_entry_skeletal_spiral,
          v_misc_28, vaults_room_grid, grunt_vaults_hallway_short,
          nicolae_vaults_shelves_hall, serial_shops, shop_fountains,
          nicolae_shop_trees, nicolae_shop_waterfront, shop, uniq_boris
Vaults:3: vaults_room_pool, v_alt_pattern_6, v_misc_19, vaults_dpeg_ring,
          nicolae_vaults_triangles, nicolae_vaults_little_squares_2,
          nicolae_vaults_asterisk, hangedman_vaults_locks,
          ontoclasm_vaults_ligature, dpeg_vaults_monster_row,
          vaults_room_hallway, serial_ice_b, nicolae_vaults_rhombus_5,
          v_pattern_1
Vaults:4: vaults_standard_mumra_lines, v_rooms_4, v_misc_10,
          ontoclasm_vaults_loading_screen, ontoclasm_vaults_eye,
          hangedman_vaults_corner_blocks, nicolae_vaults_hallways_thing,
          vaults_dpeg_diagonal, vaults_room_ringed_pool,
          vaults_room_guarded_vault, grunt_vaults_swirl,
          nicolae_vaults_mini_display_case, ontoclasm_vaults_shuriken,
          ontoclasm_vaults_ring_small, serial_shops,
          nicolae_shop_window_shopping, shop, shop, uniq_jorgrun
Bailey:   bailey_polearm_5, bailey
IceCv:    ice_cave_statue_garden_01

Action                   |  1- 3 |  4- 6 |  7- 9 | 10-12 | 13-15 | 16-18 | 19-21 | 22-24 || total
-------------------------+-------+-------+-------+-------+-------+-------+-------+-------++-------
Melee: Short sword       |    59 |       |       |       |       |       |       |       ||    59
       Dagger            |    17 |   164 |   176 |   720 |  1511 |  1462 |  1145 |   273 ||  5468
       Rapier            |       |       |       |       |       |    57 |       |       ||    57
 Cast: Shock             |    27 |    92 |    70 |    32 |       |       |       |       ||   221
       Static Discharge  |     1 |    20 |    46 |    85 |    79 |    10 |     7 |       ||   248
       Lightning Bolt    |       |       |       |    30 |    41 |       |     5 |       ||    76
       Freeze            |       |       |       |    24 |     8 |       |       |       ||    32
       Stone Arrow       |       |       |       |    13 |       |       |       |       ||    13
       Airstrike         |       |       |       |    22 |     9 |       |       |       ||    31
       Repel Missiles    |       |       |       |     2 |     3 |     4 |     4 |     2 ||    15
       Bolt of Draining  |       |       |       |       |    98 |    43 |     9 |     3 ||   153
       Iron Shot         |       |       |       |       |     3 |    50 |    60 |    14 ||   127
       Freezing Cloud    |       |       |       |       |    38 |   125 |   150 |    22 ||   335
       Swiftness         |       |       |       |       |     3 |       |       |       ||     3
       Confuse           |       |       |       |       |       |     2 |     2 |     6 ||    10
       Bolt of Fire      |       |       |       |       |       |     1 |    12 |     8 ||    21
       Stoneskin         |       |       |       |       |       |       |     1 |       ||     1
       Chain Lightning   |       |       |       |       |       |       |     9 |     2 ||    11
Evoke: Wand              |       |       |       |     9 |     3 |     2 |     5 |     1 ||    20
       Deck              |       |       |       |     1 |     2 |       |       |       ||     3
       Lamp of fire      |       |       |       |       |     2 |       |       |       ||     2
  Use: Scroll            |     5 |     7 |     9 |    19 |    16 |    25 |    20 |     1 ||   102
       Potion            |       |     1 |     8 |     9 |     5 |    11 |     3 |     1 ||    38
 Stab: Sleeping          |     3 |     6 |    11 |     5 |     9 |    25 |     5 |       ||    64
       Distracted        |       |       |     1 |     2 |     7 |     3 |     1 |       ||    14
       Invisible         |       |       |       |     8 |     1 |       |       |       ||     9
       Fleeing           |       |       |       |       |       |     1 |       |       ||     1
       Confused          |       |       |       |       |       |       |     1 |     3 ||     4
  Eat: Chunk             |     3 |    12 |    16 |    41 |    81 |    73 |    92 |    19 ||   337
       Bread ration      |       |     1 |       |       |       |     1 |       |       ||     2
       Pizza             |       |       |     1 |     1 |     4 |     2 |     5 |     1 ||    14
       Royal jelly       |       |       |       |     1 |       |     2 |       |       ||     3
       Beef jerky        |       |       |       |       |     4 |     2 |     4 |       ||    10
       Fruit             |       |       |       |       |     3 |    15 |     3 |       ||    21
       Meat ration       |       |       |       |       |     2 |     7 |     4 |       ||    13
